 Dungeon Crawl Stone Soup version 0.29.0-10-g45618ea6d2 (webtiles) character file.

Game seed: 17491911639608801460

75 browni3141 the Trooper (level 4, -2/50 HPs)
             Began as an Ogre Enchanter on Sept 1, 2022.
             Slain by Natasha (4 damage)
             ... on level 3 of the Dungeon.
             The game lasted 00:02:58 (2718 turns).

browni3141 the Trooper (Ogre Enchanter)             Turns: 2718, Time: 00:02:58

Health: -2/50      AC:  3    Str: 14    XL:     4   Next: 31%
Magic:  7/7        EV:  9    Int: 16    God:
Gold:   76         SH:  0    Dex:  9    Spells: 7/7 levels left

rFire   . . .      SeeInvis .   j - +0 rapier
rCold   . . .      Faith    .   (no shield)
rNeg    . . .      Spirit   .   b - +0 robe
rPois   .          Reflect  .   (helmet restricted)
rElec   .          Harm     .   (no cloak)
rCorr   +          Rampage  .   (gloves unavailable)
Will    .....                   (boots unavailable)
Stlth   ++........              (no amulet)
HPRegen 0.16/turn               R - ring of resist corrosion
MPRegen 0.10/turn               (no ring)

@: mighty
A: large, unfitting armour, tough skin 1
a: no special abilities


You were on level 3 of the Dungeon.
You visited 1 branch of the dungeon, and saw 3 of its levels.

You collected 76 gold pieces.


Innate Abilities, Weirdness & Mutations

You are too large for most types of armour.
You have tough skin. (AC +1)


   Skills:
 * Level 5.1 Fighting
 - Level 0.8 Short Blades
 - Level 1.7 Dodging
 - Level 2.1 Stealth
 - Level 2.4 Spellcasting
 - Level 2.6 Hexes


You had 7 spell levels left.
You didn't know any spells.
Your spell library contained the following spells:

 Spells                   Type           Power      Damage    Failure   Level
 Ensorcelled Hibernation  Hex/Ice        12%        N/A       17%         2
 Confusing Touch          Hex            10%        N/A       21%         3
 Tukima's Dance           Hex            10%        N/A       21%         3
 Dazzling Flash           Conj/Hex       12%        N/A       34%         3

Inventory:

Hand Weapons
 a - a +1 dagger
 j - a +0 rapier (weapon)
Missiles
 i - 7 stones (quivered) {@f1}
Armour
 b - a +0 robe (worn)
Jewellery
 R - a ring of resist corrosion (left hand)
Scrolls
 e - 2 scrolls of identify {unknown}
 f - a scroll of silence {unknown}
 h - a scroll of poison {unknown}
 k - a scroll of immolation {unknown}
 m - a scroll of summoning {unknown}
Potions
 d - a potion of curing {unknown}
 g - a potion of ambrosia {unknown}
 l - a potion of might
 n - a potion of brilliance {unknown}
 o - a potion of mutation {unknown}
 p - a potion of lignification {unknown}

Dungeon Overview and Level Annotations

Branches:
Dungeon (3/15)

Altars:

Annotations:
D:3 Natasha

#########
#....>..
##........# #
......o..#.#
#.......$#.#
..?.......#
#h##....#.####
#@##..........
#o##....#..###
#...o<†h......
######........
#..h.....
#........
#........
.........
#........


You could see Natasha and an orc.


Message History

You hit the adder.
The adder is severely wounded.
The adder bites you.
* * * LOW HITPOINT WARNING * * *
The orc barely misses you.
You closely miss the adder.
The adder is severely wounded.
The adder bites you.
* * * LOW HITPOINT WARNING * * *
Natasha, Servant of Life and Death comes into view.
The orc hits you with a +0 hand axe.
* * * LOW HITPOINT WARNING * * *
Natasha hisses angrily.
You puncture the adder!
You kill the adder!
The orc hits you with a +0 hand axe.
* * * LOW HITPOINT WARNING * * *
Training target 5.0 for Fighting reached!
Your Fighting skill increases to level 5!
You need to enable at least one skill for training.
You barely miss the orc. The orc hits you but does no damage.
Natasha claws you!
* * * LOW HITPOINT WARNING * * *
Unknown command.
You hit the orc.
The orc is moderately wounded.
The orc hits you with a +0 hand axe.
* * * LOW HITPOINT WARNING * * *
Natasha claws you.
You die...

Skill      XL: |  1  2  3  4 |
---------------+-------------+-----
Fighting       | 2 3 4 5 |  5.1
Short Blades   | |  0.8
Dodging        | |  1.7
Stealth        | |  2.1
Spellcasting   | |  2.4
Hexes          | |  2.6

Action                   |  1- 3 |  4- 6 || total
-------------------------+-------+-------++-------
Melee: Dagger            |   108 |       ||   108
       Punch             |     1 |       ||     1
       Rapier            |    78 |    28 ||   106
Throw: Stone             |    15 |     2 ||    17
  Use: Potion            |     2 |     1 ||     3
 Stab: Sleeping          |     1 |       ||     1
       Invisible         |       |     1 ||     1
Armor: Robe              |    67 |    11 ||    78
Dodge: Dodged            |   118 |    18 ||   136

Levels and vault maps discovered:
D:1:      dpeg_arrival_rhombus, layout_basic, minmay_pentomino_o4
D:2:      layout_rooms
D:3:      layout_basic, uniq_terence, uniq_natasha

Notes
Turn   | Place    | Note
-------+----------+-------------------------------------------
     0 | D:1      | browni3141 the Ogre Enchanter began the quest for the Orb.
     0 | D:1      | Reached XP level 1. HP: 16/16 MP: 3/3
   148 | D:1      | Reached skill level 1 in Fighting
   363 | D:1      | Reached skill level 2 in Fighting
   366 | D:1      | Reached XP level 2. HP: 24/28 MP: 5/5
  1308 | D:1      | Reached skill level 3 in Fighting
  1962 | D:2      | Reached XP level 3. HP: 29/39 MP: 6/6
  2247 | D:2      | Reached skill level 4 in Fighting
  2532 | D:3      | HP: 1/40 [adder (4)]
  2534 | D:3      | Reached XP level 4. HP: 2/49 MP: 7/7
  2715 | D:3      | Noticed Natasha
  2717 | D:3      | Reached skill level 5 in Fighting
  2718 | D:3      | HP: 2/50 [orc/+0 hand axe (4)]
  2718 | D:3      | Slain by Natasha

Vanquished Creatures
  4 adders
  A worm (D:2)
  3 ball pythons (D:1)
  4 bats
  2 endoplasms
  2 giant cockroaches
  A goblin (D:1)
  2 hobgoblins (D:1)
  4 jackals (D:3)
  3 quokkas
  5 kobolds
  3 rats (D:1)
34 creatures vanquished.

Table legend: (Time is in decaauts)
 A = Elapsed time spent in this place.
 B = Non-inter-level travel time spent in this place.
 C = Inter-level travel time spent in this place.
 D = Time resting spent in this place.
 E = Time spent auto-exploring this place.
 F = Levels seen in this place.
 G = Mean time per level.
                   A        B        C        D        E       F      G
               +--------+--------+--------+--------+--------+-----+--------+
         Total |   2732 |   2559 |    173 |    147 |   1974 |   3 |  910.7 |
       Dungeon |   2732 |   2559 |    173 |    147 |   1974 |   3 |  910.7 |
               +--------+--------+--------+--------+--------+-----+--------+

Top non-repeatable levels by time:
     D:1: 1785 daAuts
     D:2: 754 daAuts
     D:3: 192 daAuts

Table legend:
 A = Non-vault XP
 B = Vault XP
 C = Vault XP percentage of total XP
 D = Non-vault monster count
 E = Vault monster count
 F = Vault count percentage of total count
                 A         B        C        D         E       F
            +---------+---------+-------+---------+---------+-------
      Total |     106 |       2 |   1.9 |      32 |       2 |   5.9
            +---------+---------+-------+---------+---------+-------
        D:1 |      27 |       2 |   6.9 |      16 |       2 |  11.1
        D:2 |      43 |       0 |   0.0 |       9 |       0 |   0.0
        D:3 |      36 |       0 |   0.0 |       7 |       0 |   0.0
            +---------+---------+-------+---------+---------+-------
